 Dungeon Crawl Stone Soup version 0.28-a0-957-g42eb19b844 (webtiles) character file.

Game seed: 16930421601498616931

4684 mainiacjoe the Slicer (level 10, -2/74 HPs)
             Began as a Hill Orc Summoner on Dec 1, 2021.
             Was a Follower of Sif Muna.
             Slain by a warg (11 damage)
             ... on level 9 of the Dungeon.
             The game lasted 00:30:07 (11593 turns).

mainiacjoe the Slicer (Hill Orc Summoner)          Turns: 11593, Time: 00:30:09

Health: -2/74      AC: 10    Str: 12    XL:     10   Next: 44%
Magic:  11/14      EV: 12    Int: 19    God:    Sif Muna [*.....]
Gold:   40         SH:  4    Dex: 11    Spells: 0/15 levels left

rFire   . . .      SeeInvis .   d - +2 dagger (distort)
rCold   + . .      Faith    .   P - +0 buckler
rNeg    . . .      Spirit   .   w - +2 robe {rC+}
rPois   .          Reflect  .   r - +0 helmet
rElec   .          Harm     .   (no cloak)
rCorr   .          Rampage  .   (no gloves)
Will    .....                   H - +0 pair of boots
Stlth   ++........              (no amulet)
HPRegen 0.22/turn               g - ring of wizardry
MPRegen 0.14/turn               i - +4 ring of protection

@: no status effects
A: no striking features
a: Renounce Religion, Convert to Beogh, Channel Magic


You were on level 9 of the Dungeon.
You worshipped Sif Muna.
Sif Muna was aware of your devotion.
You visited 2 branches of the dungeon, and saw 10 of its levels.
You also visited: Sewer.

You collected 420 gold pieces.
You spent 380 gold pieces at shops.

Inventory:

Hand Weapons
 d - a +2 dagger of distortion (weapon)
Missiles
 f - 10 javelins
 h - 142 stones
 j - 38 poisoned darts (quivered)
 p - a curare-tipped dart {=F}
 J - 4 silver javelins
 O - a throwing net {=F}
Armour
 a - a +0 robe
 r - a +0 helmet (worn)
 t - a +0 ring mail
 w - a +2 robe of cold resistance (worn)
 H - a +0 pair of boots (worn)
 N - +0 acid dragon scales
 P - a +0 buckler (worn)
Jewellery
 g - a ring of wizardry (left hand)
 i - a +4 ring of protection (right hand)
 K - a ring of ice
Wands
 y - a wand of iceblast (11)
 C - a wand of acid (16)
Scrolls
 b - 4 scrolls of teleportation
 c - a scroll of silence
 e - a scroll of holy word
 o - a scroll of blinking
 s - a scroll of fog
 D - a scroll of fear {unknown}
 G - 2 scrolls of amnesia
 I - a scroll of acquirement {unknown}
 L - a scroll of immolation {unknown}
 M - a scroll of enchant armour {unknown}
Potions
 k - a potion of mutation
 l - a potion of heal wounds {unknown}
 m - a potion of resistance {unknown}
 n - a potion of cancellation {unknown}
 u - a potion of invisibility {unknown}
 v - a potion of ambrosia {unknown}
 x - a potion of attraction {unknown}
 A - a potion of magic {unknown}
 B - a potion of flight {unknown}
 E - a potion of lignification
 F - a potion of might {unknown}


   Skills:
 - Level 2.5 Fighting
 - Level 10.0 Short Blades
 - Level 3.1 Dodging
 - Level 1.5 Stealth
 + Level 3.4 Shields
 - Level 3.1 Spellcasting
 + Level 9.7 Summonings
 - Level 2.0 Air Magic


You couldn't memorise any spells.
You knew the following spells:

 Your Spells              Type           Power      Damage    Failure   Level
a - Summon Cactus Giant   Summ           19%        N/A       17%         6
b - Call Imp              Summ           39%        N/A       1%          2
c - Call Canine Familiar  Summ           39%        N/A       1%          3
d - Summon Lightning Spi  Summ/Air       25%        N/A       6%          4

Your spell library contained the following spells:

 Spells                   Type           Power      Damage    Failure   Level
 Summon Small Mammal      Summ           100%       N/A       1%          1
 Summon Guardian Golem    Hex/Summ       21%        N/A       2%          3
 Pain                     Necr           12%        1d4       6%          1
 Swiftness                Air            10%        N/A       9%          3
 Summon Ice Beast         Ice/Summ       21%        N/A       9%          4
 Blink                    Tloc           6%         N/A       10%         2
 Passwall                 Tmut/Erth      2%         N/A       10%         2
 Lesser Beckoning         Tloc           3%         N/A       19%         3
 Summon Forest            Summ/Tloc      10%        N/A       24%         5
 Summon Mana Viper        Hex/Summ       21%        N/A       24%         5
 Monstrous Menagerie      Summ           19%        N/A       65%         7
 Agony                    Necr           3%         N/A       85%         5
 Excruciating Wounds      Necr           1%         N/A       85%         5
 Manifold Assault         Tloc           3%         N/A       85%         5
 Spellforged Servitor     Conj/Summ      10%        N/A       99%         7
 Orb of Destruction       Conj           1%         N/A       100%        7


Dungeon Overview and Level Annotations

Branches:
Dungeon (9/15)             Temple (1/1) D:6            Lair (0/6) D:9
  Sewer (visited)
    Orc: D:9-12

Altars:
Ashenzari
Cheibriados
Elyvilon
Fedhas
Gozag
Hepliaklqana
Kikubaaqudgha
Makhleb
Nemelex Xobeh
Okawaru
Qazlal
Ru
Sif Muna
Trog
Uskayaw
Vehumet
Wu Jian
Xom
Yredelemnul
Zin
The Shining One

Shops:
D:7 *   D:8 :

Annotations:
D:6 1 exclusion
Abyss:1 Natasha


Message History

The hornet is lightly wounded.
Your lightning spire disappears in a puff of smoke!
You block the hornet's attack.
You closely miss the hornet.
The hornet is lightly wounded.
Your hound bites the warg.
The hornet stings you!
You feel yourself slow down.
You hit the hornet.
Space warps around the hornet.
The hornet is moderately wounded.
You feel yourself speed up.
A gnoll sergeant comes into view. It is wielding a +0 spear.
Your hound barely misses the warg.
You block the warg's attack. The hornet stings you.
* * * LOW HITPOINT WARNING * * *
You are poisoned.
You suddenly lose the ability to move!
You feel very sick.
Your hound bites the warg but does no damage.
The orc hits you but does no damage.
The hornet stings you but does no damage.
The warg bites you but does no damage.
You feel sick.
Your hound bites the warg.
The hornet stings you but does no damage.
The orc priest hits you with a +0 club.
* * * LOW HITPOINT WARNING * * *
The orc hits you with a +0 club.
* * * LOW HITPOINT WARNING * * *
The warg bites you but does no damage.
Your hound bites the warg.
The hornet stings you!
* * * LOW HITPOINT WARNING * * *
You feel yourself slow down.
You can move again.
Unknown command.
You feel better.
You feel yourself speed up. The warg barely misses you.
Your hound bites the warg but does no damage.
You block the hornet's attack.
The orc priest hits you but does no damage.
The orc hits you but does no damage. The warg bites you!
You die...

#....##........##,,,,,...*,,,,*
#######..#.##.##.##.,....,,,,**
##...#.##..#...,,...#*,,,,**
#...).........#,.....,,,,,** ***
##.#...........##...,,,,,,,,,
,,**#......)..........,,,,,,,,,,*
,*......)...........#,,,,,,,,,,,*
,*..................#,,,,,,,,,,,,
,..............h@...##,,,,,*,,,,,
,......$......hoyo).)##*,,,*,,,,*
,*###...........ยง))..(#,,,,,,,,,*
,,* ##..........(..).....,,,,,,,*
*** *#(.........g.........,,,,,,,
****#..####.#..........!..,,,,*,,
,,,,#.#**#..#.............,,,,*,,
,,,,..*,*#..#.............,,***,,
,***,,*,,...#............,,,**,,,


You could see a hornet, a warg (ally target), a gnoll sergeant, an orc priest,
an orc and a friendly hound (summoned).

Vanquished Creatures
  A two-headed ogre (D:9)
  Sigmund (D:2)
  A wyvern (D:9)
  2 steam dragons
  An acid dragon (D:8)
  2 ice beasts
  2 ogres
  A sky beast (D:7)
  A centaur (D:7)
  A kobold brigand (Sewer)
  Blork the orc (D:4)
  A bullfrog (D:9)
  5 scorpions
  2 water moccasin zombies
  A howler monkey (D:6)
  3 wights (D:7)
  A bullfrog skeleton (D:5)
  A hound (D:4)
  An orc priest (D:5)
  A centaur skeleton (D:5)
  Natasha (D:4)
  2 orc wizards
  3 gnolls (D:9)
  10 adders
  A river rat (Sewer)
  2 ufetubi
  2 worms (D:3)
  3 orcs
  10 ball pythons
  12 bats
  10 endoplasms
  A giant cockroach (D:3)
  2 goblins
  2 hobgoblins
  A jackal (D:3)
  8 kobolds
  7 quokkas
  2 frilled lizards
  8 rats
117 creatures vanquished.

Vanquished Creatures (collateral kills)
  3 ice beasts
  2 black bears
  A necrophage (D:7)
  2 kobold brigands
  A scorpion (D:8)
  A gnoll sergeant (D:9)
  A wight (D:7)
  2 centaur skeletons
  A bullfrog skeleton (D:7)
  A hound (D:7)
  A jelly (D:7)
  An iguana (D:4)
  An orc wizard (D:8)
  Natasha (D:4)
  A killer bee zombie (D:8)
  6 gnolls
  An adder (D:4)
  3 river rats
  2 white imps
  3 worms
  2 dart slugs
  6 orcs
  2 endoplasms
  2 goblins
  A hobgoblin (D:4)
  5 kobolds
  A quokka (D:1)
54 creatures vanquished.

Vanquished Creatures (others)
  6 fungi (D:8)
  3 plants
9 creatures vanquished.

Grand Total: 180 creatures vanquished

Notes
Turn   | Place    | Note
-------+----------+-------------------------------------------
     0 | D:1      | mainiacjoe the Hill Orc Summoner began the quest for the
                  | Orb.
     0 | D:1      | Reached XP level 1. HP: 14/14 MP: 3/3
   169 | D:1      | Reached XP level 2. HP: 18/20 MP: 2/4
   298 | D:1      | Learned a level 2 spell: Call Imp
   642 | D:2      | Reached XP level 3. HP: 26/26 MP: 5/5
   663 | D:2      | Reached skill level 5 in Summonings
  1085 | D:2      | Noticed Sigmund
  1091 | D:2      | Killed Sigmund
  1092 | D:2      | Reached XP level 4. HP: 18/33 MP: 3/6
  1092 | D:2      | Reached XP level 5. HP: 21/38 MP: 3/7
  1098 | D:2      | Learned a level 3 spell: Call Canine Familiar
  1673 | D:2      | Found a faded altar of an unknown god.
  1936 | D:3      | Reached XP level 6. HP: 22/45 MP: 8/8
  2074 | D:3      | Found a glowing drain.
  2078 | Sewer    | Entered a sewer
  2152 | Sewer    | Reached skill level 1 in Short Blades
  2819 | Sewer    | Reached skill level 2 in Short Blades
  3127 | Sewer    | Reached XP level 7. HP: 50/50 MP: 4/11
  3279 | Sewer    | Reached skill level 3 in Short Blades
  4064 | D:4      | Noticed Natasha
  4077 | D:4      | Killed Natasha
  4078 | D:4      | Reached skill level 4 in Short Blades
  4394 | D:4      | Noticed Blork the orc
  4406 | D:4      | Killed Blork the orc
  4576 | D:4      | Learned a level 4 spell: Summon Lightning Spire
  4919 | D:4      | Reached skill level 1 in Air Magic
  4941 | D:4      | Noticed Natasha
  4949 | D:4      | Killed Natasha
  4950 | D:4      | Reached skill level 5 in Short Blades
  4950 | D:4      | Reached XP level 8. HP: 53/57 MP: 12/12
  5120 | D:4      | Found a white marble altar of Elyvilon.
  5291 | D:4      | Noticed Natasha
  5299 | D:4      | Banished Natasha
  5437 | D:5      | Entered Level 5 of the Dungeon
  5691 | D:5      | Reached skill level 6 in Short Blades
  6563 | D:6      | Reached skill level 7 in Short Blades
  6817 | D:6      | Reached XP level 9. HP: 62/62 MP: 9/13
  6960 | D:6      | Found a staircase to the Ecumenical Temple.
  6966 | Temple   | Entered the Ecumenical Temple
  7112 | Temple   | Became a worshipper of Sif Muna the Loreminder
  7528 | D:6      | Found a shimmering altar of Xom.
  8092 | D:6      | Found a sparkling altar of Nemelex Xobeh.
  8821 | D:7      | Reached skill level 8 in Short Blades
  9324 | D:7      | Reached skill level 9 in Short Blades
  9581 | D:7      | Found Lieros's Serpentskin Sales.
 10176 | D:8      | Reached skill level 10 in Short Blades
 10194 | D:8      | Reached * piety under Sif Muna
 10208 | D:8      | Reached skill level 1 in Fighting
 10218 | D:8      | Reached XP level 10. HP: 69/72 MP: 14/14
 10408 | D:8      | Found Waggug's Book Boutique.
 10607 | D:8      | Bought a book of the Wilderness for 380 gold pieces
 10614 | D:8      | Learned a level 6 spell: Summon Cactus Giant
 11353 | D:9      | Noticed a two-headed ogre
 11372 | D:9      | Killed a two-headed ogre
 11590 | D:9      | Paralysed by a hornet for 2 turns
 11592 | D:9      | HP: 1/74 [hornet (8)]
 11593 | D:9      | Slain by a warg

Illustrated notes

Levels and vault maps discovered:
D:1:      heliophobic_arrival_battle_scene, layout_basic
D:2:      layout_basic, ebering_ecumenical_altar_mist, uniq_sigmund
D:3:      layout_loops_cross, gup_sewer_entry_spiral
D:4:      layout_basic, nicolae_elyvilon_temple_path, uniq_natasha,
          uniq_blork_the_orc
D:5:      layout_loops_ring
D:6:      layout_loops_corners, nemelex_xobeh_ov_fountains_minmay,
          nicolae_overflow_squiral, minmay_temple_entry_waves
D:7:      layout_basic, kennysheep_big_empty_room, guppyfry_shop_venom
D:8:      old_forge, layout_loops_cross, serial_shops, nicolae_stop_n_shop_1,
          hex_large
D:9:      layout_cave_pools, erik_lair_orcish_takeover, enter_bailey_5
Temple:   mainiacjoe_temple_coin_purse

Skill      XL: |  1  2  3  4  5  6  7  8  9 10 |
---------------+-------------------------------+-----
Summonings     | 6 7 8 9 |  9.7
Short Blades   | 2 5 7 10 | 10.0
Spellcasting   | 2 3 |  3.1
Air Magic      | 1 2 |  2.0
Fighting       | 1 2 |  2.5
Dodging        | 2 3 |  3.1
Shields        | 3 |  3.4
Stealth        | |  1.5

Action                   |  1- 3 |  4- 6 |  7- 9 | 10-12 || total
-------------------------+-------+-------+-------+-------++-------
Melee: Unarmed           |     9 |       |       |       ||     9
       Dagger            |    39 |   138 |   253 |    52 ||   482
Throw: Stone             |    10 |    62 |    51 |       ||   123
       Dart              |       |       |    66 |    14 ||    80
 Cast: Summon Small Mamm |    11 |       |       |       ||    11
       Call Imp          |     4 |     5 |     3 |     1 ||    13
       Call Canine Famil |       |     6 |    13 |     2 ||    21
       Summon Lightning  |       |       |    16 |     8 ||    24
Evoke: Wand              |       |       |     1 |       ||     1
  Use: Scroll            |       |     2 |     6 |     3 ||    11
       Potion            |       |       |       |     3 ||     3
 Stab: Sleeping          |     4 |       |     2 |     1 ||     7
       Distracted        |       |       |       |     1 ||     1
Armor: Robe              |    10 |    38 |    62 |    21 ||   131
       Ring mail         |       |       |    13 |       ||    13
Dodge: Dodged            |    24 |    65 |   105 |    17 ||   211
Block: Buckler           |       |       |       |     5 ||     5

Table legend: (Time is in decaauts)
 A = Elapsed time spent in this place.
 B = Non-inter-level travel time spent in this place.
 C = Inter-level travel time spent in this place.
 D = Time resting spent in this place.
 E = Time spent auto-exploring this place.
 F = Levels seen in this place.
 G = Mean time per level.
                   A        B        C        D        E       F      G
               +--------+--------+--------+--------+--------+-----+--------+
         Total |  11734 |  11451 |    283 |   1559 |   7610 |  11 | 1066.7 |
       Dungeon |  10021 |   9746 |    275 |   1169 |   6689 |   9 | 1113.4 |
        Temple |    155 |    147 |      8 |      0 |    101 |   1 |  155.0 |
         Sewer |   1556 |   1556 |      0 |    390 |    820 |   1 | 1556.0 |
               +--------+--------+--------+--------+--------+-----+--------+

Top non-repeatable levels by time:
     D:7: 1563 daAuts
   Sewer: 1556 daAuts
     D:6: 1417 daAuts
     D:8: 1397 daAuts
     D:4: 1390 daAuts
     D:5: 1290 daAuts
     D:2: 1133 daAuts
     D:3: 1012 daAuts
     D:1: 571 daAuts
     D:9: 244 daAuts
  Temple: 155 daAuts
